Map: Central Protocol

Players

Miszu - Winner!

  • Race: Terran Terran
  • League: Master

Hqrdest

  • Race: Zerg Zerg
  • League: Master

VOD

Have the link to the VOD?

Description

Time

  • Played on: March 18, 2016, 4:26 p.m.
  • Length: 9:34
Show
View Real Time Build Order
Export as new Build Order

Miszu Terran - Winner!

Build Orders: MMM Bio 

Get SALT Encoding   

  12  0:00  SCV  
  13  0:13  SCV  
  14  0:17  Supply Depot  
  14  0:25  SCV  
  15  0:39  SCV  
  15  0:40  Barracks  
  16  0:44  Refinery  
  16  0:51  SCV  
  17  1:00  Barracks  
  17  1:03  SCV  
  18  1:15  SCV  
  19  1:21  Barracks  
  19  1:28  Refinery  
  20  1:32  Reaper  
  20  1:45  Supply Depot  
  20  1:47  Reaper  
  21  2:03  Orbital Command  
  21  2:05  Reaper  
  22  2:11  Reaper  
  23  2:20  Supply Depot  
  23  2:22  Reaper  
  24  2:30  SCV  
  24  2:37  Reaper  
  26  2:46  Reaper  
  26  2:47  SCV  
  28  2:57  Reaper  
  29  2:59  SCV  
  29  3:10  Reaper  
  29  3:11  SCV  
  30  3:22  Reaper  
  30  3:23  SCV  
  32  3:29  Reaper  
  33  3:46  SCV  
  34  3:58  SCV  
  34  4:02  Barracks Reactor, Barracks Tech Lab  
  35  4:04  Factory, Command Center  
  35  4:05  Barracks Tech Lab  
  35  4:10  Barracks, SCV  
  35  4:14  Barracks  
  35  4:16  Barracks  
  36  4:22  SCV  
  35  4:28  Marine  
  36  4:32  Stimpack  
  36  4:35  SCV  
  38  4:47  SCV  
  38  4:51  Starport, Factory Reactor  
  36  4:57  Marine  
  36  4:59  Barracks Reactor, SCV  
  38  5:03  Barracks Reactor  
  38  5:06  Barracks Reactor  
  38  5:11  SCV  
  38  5:21  Marine  
  38  5:22  Marine x3  
  38  5:23  SCV  
  42  5:28  Orbital Command  
  42  5:35  SCV  
  43  5:39  Marine  
  43  5:40  Marine  
  43  5:42  Marine  
  46  5:47  SCV  
  46  5:53  Marine  
  46  5:54  Marine x3  
  46  5:56  SCV  
  50  5:58  Combat Shields  
  50  6:00  Marine x2  
  50  6:02  SCV  
  54  6:14  Medivac  
  54  6:17  Supply Depot  
  54  6:18  Supply Depot  
  54  6:22  Engineering Bay  
  54  6:24  Supply Depot  
  54  6:39  Marine x10, Medivac, SCV x2, Factory Tech Lab  
  68  6:51  SCV  
  69  6:54  Medivac  
  69  6:56  Marine x4, SCV  
  69  6:57  Marine, Terran Infantry Weapons Level 1  
  69  6:59  Marine  
  69  7:01  Supply Depot x2  
  78  7:22  Marine x5, Medivac, SCV  
  85  7:24  Marine  
  85  7:25  Marine x2  
  85  7:28  Marine  
  91  7:32  Supply Depot x2  
  91  7:33  Marauder  
  91  7:36  Medivac  
  94  7:46  Marine  
  94  7:53  Marine x8, Medivac  
  94  7:54  Marine, SCV x2  
  107  8:04  Marine  
  108  8:06  Medivac  
  110  8:14  Marine  
  110  8:23  Refinery x2  
  110  8:24  Command Center  
  110  8:26  Supply Depot, Marine x8  
  118  8:28  Supply Depot  
  118  8:45  Marine x2  
  118  8:47  Marine x2, Medivac  
  118  8:48  Marauder  
  92  9:03  Marine  
  92  9:04  Marine x6  
  92  9:05  Marine x2  
  92  9:08  Marine  
Show
View Real Time Build Order
Export as new Build Order

Hqrdest Zerg 

Build Orders: Hatch First 

Get SALT Encoding   

  12  0:00  Drone  
  13  0:13  Overlord  
  13  0:18  Drone  
  14  0:31  Drone x2  
  16  0:44  Drone  
  16  0:46  Drone  
  18  0:58  Drone  
  19  1:05  Hatchery  
  19  1:08  Drone  
  19  1:13  Extractor  
  18  1:18  Spawning Pool  
  18  1:20  Drone  
  18  1:35  Drone  
  19  1:42  Drone  
  20  1:50  Overlord  
  20  2:06  Roach Warren, Queen  
  21  2:10  Overlord  
  21  2:16  Queen  
  21  2:17  Drone  
  24  2:27  Zergling x4  
  22  2:47  Roach x3  
  26  2:53  Roach  
  27  2:59  Roach  
  29  3:06  Roach  
  29  3:15  Roach  
  29  3:17  Drone  
  32  3:20  Drone  
  32  3:24  Drone  
  34  3:33  Drone  
  35  3:35  Roach  
  36  3:48  Drone x2  
  36  3:49  Drone  
  39  4:00  Queen  
  39  4:01  Drone  
  42  4:09  Drone x2  
  44  4:14  Overlord  
  44  4:27  Overlord  
  44  4:31  Overlord  
  44  4:36  Drone x4  
  48  4:42  Drone x3  
  51  4:46  Drone  
  52  4:54  Drone x3  
  52  4:58  Metabolic Boost  
  55  5:03  Drone  
  56  5:08  Drone  
  56  5:09  Drone x2  
  57  5:24  Hatchery  
  56  5:29  Drone x6  
  56  5:32  Extractor  
  56  5:33  Extractor  
  56  5:34  Lair  
  60  5:39  Baneling Nest  
  59  5:54  Drone x6  
  62  6:10  Drone x4  
  62  6:11  Drone x2  
  68  6:12  Evolution Chamber  
  68  6:13  Queen, Evolution Chamber  
  68  6:15  Overlord  
  68  6:23  Overlord  
  68  6:33  Overseer  
  68  6:35  Centrifical Hooks  
  68  6:36  Zergling x4  
  68  6:37  Zergling x8  
  74  6:41  Zerg Ground Armor Level 1  
  74  6:45  Zerg Melee Weapons Level 1  
  74  6:46  Drone  
  75  6:47  Drone  
  76  7:00  Extractor, Drone x3  
  76  7:01  Drone x2  
  80  7:02  Spire  
  79  7:09  Drone x2  
  79  7:10  Drone x4  
  79  7:14  Overlord  
  85  7:30  Drone x5  
  85  7:33  Overlord x2  
  90  7:38  Overlord x2  
  90  7:39  Overlord  
  87  7:49  Zergling x10  
  87  8:00  Zergling x2  
  87  8:01  Zergling x4  
  90  8:12  Zergling x4  
  92  8:13  Zergling x12  
  98  8:23  Baneling x9  
  98  8:24  Baneling x7  
  98  8:25  Extractor x2, Zergling x6  
  99  8:32  Zergling x4  
  101  8:36  Zergling x2, Hatchery  
  101  8:37  Zergling x8  
  101  8:39  Baneling x4  
  101  8:40  Baneling x3  
  103  8:44  Queen  
  83  8:58  Zergling x2  
  83  8:59  Zergling x14  
  70  9:14  Zergling x2  
  70  9:15  Zergling x8  
Tags
 
Add a new tag
Caveats
  • Supply blocks, unpowered buildings, or Contaminate may cause inaccurate times.
  • Supply counts are checked every 10 seconds.